AoeStats
← Danigunner

Black Forest

513508184Analyzed
2v2 RM · 4d ago on Oct 14, 2026· 62m 31s· 4 players
Game mode
Random Map
Map size
Medium (4 player)
Population
200
Speed
Normal
Resources
Standard
Victory
Conquest
Starting age
Dark Age
Ending age
Imperial Age
RankedLock teamsTeams togetherTeam positionsShared explorationLock speedFull tech treeHidden civsTurbo modeCheats
Victory
Defeat
🇦🇷 Portuguese · Argentina
991
+13
🇨🇱 Romans · Chile
964
+14
vs
🇦🇷 Portuguese · Argentina
924
-14
🇲🇽 Britons · Mexico
918
-13
[ESTG] Daupoch
0:31 Loom
14:07 Feudal Age
15:18 Double-Bit Axe
15:16 Horse Collar
16:20 Wheelbarrow
20:37 Castle Age
18:52 Stone Mining
19:55 Gold Mining
22:40 Hand Cart
26:23 Murder Holes
27:47 Masonry
27:50 Bow Saw
28:54 Town Watch
29:15 Heavy Plow
29:16 Treadmill Crane
33:42 Stone Shaft Mining
37:08 Imperial Age
36:41 Ballistics
39:18 Crop Rotation
39:53 Two-Man Saw
39:20 Conscription
39:24 Arquebus
41:18 Architecture
41:18 Town Patrol
41:44 Fletching
43:19 Chemistry
45:13 Siege Engineers
45:19 Fortified Wall
44:50 Treadmill Crane
44:53 Elite Organ Gun
49:49 Bombard Tower
49:33 Bodkin Arrow
54:44 Guard Tower
Danigunner
0:27 Loom
13:44 Feudal Age
15:15 Wheelbarrow
20:52 Castle Age
18:53 Horse Collar
19:43 Double-Bit Axe
21:21 Town Watch
21:54 Hand Cart
21:58 Town Watch
29:23 Fletching
29:38 Gold Mining
30:00 Crossbowman
30:51 Bodkin Arrow
31:40 Bow Saw
34:22 Gold Shaft Mining
34:20 Padded Archer Armor
Sentry
2:28 Loom
15:37 Feudal Age
17:27 Town Watch
17:35 Double-Bit Axe
18:40 Wheelbarrow
17:59 Man-at-Arms
19:01 Forging
21:39 Horse Collar
24:23 Scale Mail Armor
27:15 Castle Age
28:23 Bow Saw
27:37 Long Swordsman
28:18 Squires
28:36 Chain Mail Armor
28:47 Fletching
31:32 Hand Cart
32:27 Iron Casting
33:18 Town Patrol
38:18 Caravan
38:49 Coinage
40:16 Fletching
40:26 Padded Archer Armor
45:39 Imperial Age
44:21 Heavy Plow
44:16 Gold Mining
44:17 Stone Mining
44:55 Ballistics
44:49 Masonry
46:13 Legionary
47:56 Blast Furnace
47:31 Banking
49:55 Chemistry
49:25 Architecture
49:01 Siege Engineers
49:42 Bodkin Arrow
49:14 Elite Skirmisher
50:30 Leather Archer Armor
52:30 Ring Archer Armor
54:02 Comitatenses
53:48 Ballistas
54:04 Conscription
53:07 Heavy Scorpion
CrishsrO
0:41 Loom
12:28 Feudal Age
14:15 Double-Bit Axe
15:13 Horse Collar
21:52 Castle Age
20:12 Stone Mining
22:49 Husbandry
24:50 Bloodlines
29:17 Fletching
36:59 Imperial Age
40:30 Wheelbarrow
39:41 Town Watch
42:28 Hand Cart
43:29 Circumnavigation
44:12 Bodkin Arrow
44:19 Padded Archer Armor
44:31 Forging
44:27 Scale Barding Armor
45:44 Gold Mining
46:18 Town Patrol
47:07 Elite Organ Gun
48:35 Bracer
48:51 Leather Archer Armor
48:57 Chain Barding Armor
49:12 Iron Casting
48:38 Scale Mail Armor
49:05 Arquebus
51:28 Chemistry
50:49 Ballistics
50:40 Fortified Wall
50:42 Careening
Connection lost

Rejoining the realm…

Still unreachable

The connection could not be restored.

Session expired

The server has moved on; the page needs a fresh start.